 Dungeon Crawl Stone Soup version 0.26-a0-487-gbff1e92059 (webtiles) character file.

Game seed: 7549029218498583926

148 BritishOli the Skirmisher (level 5, -1/42 HPs)
             Began as a Demonspawn Fighter on Aug 2, 2020.
             Slain by an orc wizard
             ... wielding a +2 dagger of electrocution
              (15 damage)
             ... on level 2 of the Dungeon.
             The game lasted 00:03:31 (2430 turns).

BritishOli the Skirmisher (Demonspawn Fighter)      Turns: 2430, Time: 00:03:42

Health: -1/42      AC: 11    Str: 17    XL:     5   Next: 8%
Magic:  5/5        EV:  6    Int: 10    God:
Gold:   136        SH:  9    Dex: 12    Spells: 4/4 levels left

rFire    . . .     SeeInvis .   a - +0 long sword
rCold    + . .     Faith    .   c - +0 kite shield
rNeg     . . .     Spirit   .   m - +0 plate armour
rPois    .         Reflect  .   (no helmet)
rElec    .         Harm     .   (no cloak)
rCorr    .                      (no gloves)
MR       .....                  (no boots)
Stlth    ..........             (no amulet)
HPRegen  0.14/turn              k - +4 ring of evasion
MPRegen  0.09/turn              o - ring of protection from cold

@: no status effects
A: claws 1, demonic guardian 1, powered by death 1
a: no special abilities


You were on level 2 of the Dungeon.
You visited 1 branch of the dungeon, and saw 3 of its levels.

You collected 136 gold pieces.

Inventory:

Hand Weapons
 a - a +0 long sword (weapon)
Armour
 b - a +0 scale mail
 c - a +0 kite shield (worn)
 m - a +0 plate armour (worn)
Jewellery
 k - a +4 ring of evasion (left claw)
 o - a ring of protection from cold (right claw)
Scrolls
 e - 3 scrolls of teleportation {unknown}
 f - 3 scrolls of remove curse {unknown}
 h - 3 scrolls of identify {unknown}
Potions
 d - a potion of might
 g - a potion of heal wounds {unknown}
 i - 2 potions of lignification {unknown}
 j - a potion of curing {unknown}
 l - a potion of haste {unknown}
 n - a potion of invisibility {unknown}


   Skills:
 + Level 3.7 Fighting
 * Level 3.0 Long Blades
 * Level 3.5 Armour
 + Level 3.4 Shields


You had 4 spell levels left.
You didn't know any spells.
Your spell library was empty.

Dungeon Overview and Level Annotations

Branches:
Dungeon (3/15)

Altars:
Makhleb


Innate Abilities, Weirdness & Mutations

You have sharp fingernails.
A weak demonic guardian rushes to your aid.
You regenerate a little health from kills.


Message History

You climb upwards.
There is a stone staircase leading down here.
Your shield and plate armour prevent you from hitting the orc wizard.
The orc wizard hits you but does no damage.
You are electrocuted!!
The orc wizard gestures at you while chanting.
The puff of flame hits you!
You are too injured to fight recklessly!
You are too injured to fight recklessly!
You closely miss the orc wizard. The orc wizard casts a spell at you.
The puff of flame hits you but does no damage.
You closely miss the orc wizard. The orc wizard barely misses you.
You slash the orc wizard!
The orc wizard is heavily wounded.
The orc wizard gestures wildly while chanting.
The orc wizard flickers and vanishes!
Deactivating autopickup; reactivate with Ctrl-A.
Something hits you but does no damage.
You are electrocuted!
You die...

.........###.##.#####...######.##
#####.##........†.....########.##
##.####.(.[..)##..............
#..#....(..################.#.
##.....####.## ####... ###.....##
#..# #...... .....#### ##.##
#...... ###..# #..##### ###......
#....# ##{@...# #........ #..†##
#.5...#####.#...... #...#
#...........#...... #...#
#.....#######...... #...# #.....#
#>..... #..(# #.....# #......
#...# ####### ####### #...# #####


You could see a friendly white imp (summoned).

Vanquished Creatures
  2 adders (D:3)
  3 oozes
  9 dart slugs
  3 leopard geckos
  2 orcs (D:3)
  12 bats
  A giant cockroach (D:3)
  11 goblins
  7 hobgoblins
  2 quokkas
  A ball python (D:2)
  7 frilled lizards
  13 kobolds
  7 rats
80 creatures vanquished.

Vanquished Creatures (collateral kills)
  Natasha (D:3)
  A bat (D:3)
2 creatures vanquished.

Grand Total: 82 creatures vanquished

Notes
Turn   | Place    | Note
-------+----------+-------------------------------------------
     0 | D:1      | BritishOli the Demonspawn Fighter began the quest for the
                  | Orb.
     0 | D:1      | Reached XP level 1. HP: 18/18 MP: 1/1
    63 | D:1      | Gained mutation: You regenerate a little health from kills.
                  | [demonic ancestry]
    63 | D:1      | Reached XP level 2. HP: 20/24 MP: 2/2
   414 | D:1      | Reached XP level 3. HP: 29/29 MP: 3/3
   995 | D:2      | Found a faded altar of an unknown god.
  1035 | D:2      | Gained mutation: A weak demonic guardian rushes to your
                  | aid. [demonic ancestry]
  1035 | D:2      | Reached XP level 4. HP: 35/35 MP: 4/4
  1653 | D:3      | Found a burning altar of Makhleb.
  1987 | D:3      | Noticed Natasha
  2005 | D:3      | Killed Natasha
  2005 | D:3      | Gained mutation: You have sharp fingernails. [demonic
                  | ancestry]
  2005 | D:3      | Reached XP level 5. HP: 28/42 MP: 5/5
  2430 | D:2      | Slain by an orc wizard

Illustrated notes

Levels and vault maps discovered:
D:1:      minmay_arrival_four_houses, layout_basic, serial_forest,
          infiniplex_forest_clump_large, infiniplex_forest_clump_C,
          infiniplex_forest_clump_diagonal, infiniplex_forest_lined_room_2,
          infiniplex_forest_clump_long, infiniplex_forest_clump_cross,
          minmay_misc_feat_x, st_stairs_4, chequers_decorated_corner,
          nrook_campfire, minivault_23
D:2:      layout_rooms, chequers_ecumenical_altar_island
D:3:      layout_loops_cross, bloody_makhleb, serial_bayou_ford_a, uniq_natasha

Skill      XL: |  1  2  3  4  5 |
---------------+----------------+-----
Long Blades    | 2 3 |  3.0
Shields        | 3 |  3.4
Armour         | 3 |  3.5
Fighting       | |  3.7

Action                   |  1- 3 |  4- 6 || total
-------------------------+-------+-------++-------
Melee: Long sword        |   134 |   165 ||   299
Armor: Scale mail        |    73 |     3 ||    76
       Plate armour      |       |    96 ||    96
Dodge: Dodged            |    34 |    41 ||    75
Block: Kite shield       |    81 |    84 ||   165
       Rpst.: Long sword |     9 |    10 ||    19

Table legend: (Time is in decaauts)
 A = Elapsed time spent in this place.
 B = Non-inter-level travel time spent in this place.
 C = Inter-level travel time spent in this place.
 D = Time resting spent in this place.
 E = Time spent auto-exploring this place.
 F = Levels seen in this place.
 G = Mean time per level.
                   A        B        C        D        E       F      G
               +--------+--------+--------+--------+--------+-----+--------+
         Total |   2546 |   2510 |     36 |    324 |   1485 |   3 |  848.7 |
       Dungeon |   2546 |   2510 |     36 |    324 |   1485 |   3 |  848.7 |
               +--------+--------+--------+--------+--------+-----+--------+

Top non-repeatable levels by time:
     D:1: 959 daAuts
     D:3: 817 daAuts
     D:2: 770 daAuts
